Description

In this build order I show you how to defend a proxy marauders + scv pull and of course how to scout it.

VOD

https://youtu.be/xFHvMQX07GM

Replay - PvT - Defending Proxy Marauder + SCV Pull (with VOD)

Build Order

Get SALT Encoding   

  12  0:00  Probe  
  13  0:12  Probe  
  14  0:17  Pylon  
  14  0:24  Probe (Chrono Boost)  
  16  0:37  Gateway, Probe x2 (Chrono Boost)  
  16  0:46  Assimilator  
  17  0:52  Probe  
  18  1:04  Probe  
  19  1:16  Probe  
  20  1:24  Cybernetics Core  
  20  1:36  Nexus  
  20  1:42  Pylon  
  20  1:43  Probe  
  21  1:52  Assimilator  
  20  1:55  Probe  
  21  2:03  Adept (Chrono Boost)  
  24  2:17  Robotics Facility  
  24  2:20  Warp Gate  
  25  2:35  Stalker  
  28  2:43  Shield Battery  
  32  3:07  Immortal (Chrono Boost)  
  36  3:15  Shield Battery  
  35  3:24  Pylon x2  
  34  3:27  Stalker  
Spawning Tool Build Advisor. Get it on Overwolf

Go to:

Details

  • Created by: zuka      
  • Published on: Feb 06, 2021
  • Modified on: Feb 06, 2021
  • Patch: 4.11.0
  • Difficulty: Medium
Show
View Real Time Build Order
Export as new Build Order

Comments (0)

There are no comments. Be the first!

Create an account to comment!